 Dungeon Crawl Stone Soup version 0.28.0-53-g5a82cb258f (webtiles) character file.

Game seed: 11535015687806914487

190 styxcanada the Covert (level 5, 0/26 HPs)
             Began as a Spriggan Brigand on June 16, 2022.
             Slain by Sigmund
             ... wielding a +1 scythe of flaming
              (5 damage)
             ... on level 4 of the Dungeon.
             The game lasted 00:10:05 (3985 turns).

styxcanada the Covert (Spriggan Brigand)            Turns: 3985, Time: 00:10:06

Health: 0/26       AC:  3    Str: 11    XL:     5   Next: 41%
Magic:  6/6        EV: 18    Int: 12    God:
Gold:   90         SH:  0    Dex: 19    Spells: 4/4 levels left

rFire   . . .      SeeInvis +   l - +7 hand axe "Xaises" {vorpal, rCorr Str+4}
rCold   . . .      Faith    .   (no shield)
rNeg    . . .      Spirit   .   b - +0 robe
rPois   .          Reflect  .   (helmet restricted)
rElec   .          Harm     .   c - +0 cloak
rCorr   +          Rampage  .   (gloves unavailable)
Will    .....                   (boots unavailable)
Stlth   ++........              (no amulet)
HPRegen 0.08/turn               (no ring)
MPRegen 0.10/turn               (no ring)

@: confused, very quick
A: very small, no large weapons, unfitting armour, see invisible, speed 3
a: no special abilities


You were on level 4 of the Dungeon.
You visited 1 branch of the dungeon, and saw 4 of its levels.

You collected 90 gold pieces.

Inventory:

Hand Weapons
 a - a +2 dagger of protection
 l - the +7 hand axe "Xaises" (weapon) {vorpal, rCorr Str+4}
   (You found it on level 2 of the Dungeon)

   It inflicts extra damage upon your enemies.
   Str:       It affects your strength (+4).
   rCorr:     It protects you from acid and corrosion.
Missiles
 d - 5 poisoned darts (quivered)
 e - 2 curare-tipped darts
 f - 82 stones
Armour
 b - a +0 robe (worn)
 c - a +0 cloak (worn)
Scrolls
 i - a scroll of enchant armour {unknown}
 q - 2 scrolls of teleportation {unknown}
Potions
 g - a potion of might {unknown}
 h - a potion of heal wounds
 j - 2 potions of flight
 o - a potion of degeneration {unknown}
 p - a potion of haste {unknown}


   Skills:
 * Level 2.1 Fighting
 + Level 2.8 Short Blades
 + Level 0.3 Axes
 + Level 2.3 Throwing
 * Level 3.0 Dodging
 * Level 8.6 Stealth


You had 4 spell levels left.
You didn't know any spells.
Your spell library was empty.

Dungeon Overview and Level Annotations

Branches:
Dungeon (4/15)
 Temple: D:4-7

Altars:
Qazlal

Shops:
D:2 [

Annotations:
D:4 Sigmund


Innate Abilities, Weirdness & Mutations

You are very small and have problems with some larger weapons.
You are too small for most types of armour.
You have supernaturally acute eyesight. (SInv)
You cover ground extremely quickly. (Speed+++)


Message History

What level of the Dungeon? (default 1, ? - help)
There is a stone staircase leading down here.
You climb downwards.
There is a stone staircase leading up here.
An adder is nearby!
Found an escape hatch in the floor.
The helpless adder fails to defend itself.
You slash the adder!
You kill the adder!
Your Dodging skill increases to level 3!
Found a stone staircase leading up.
You now have 90 gold pieces (gained 7).
Found a trident.
There is a stone staircase leading up here.
An orc comes into view. It is wielding a +0 falchion.
The orc shouts!
You hear a shout!
You hit the orc but do no damage.
Sigmund the Dreaded comes into view.
He is wielding a +1 scythe of flaming.
The orc hits you with a +0 falchion.
You slash the orc!
You kill the orc!
Sigmund misses you.
Things that are here:
a +0 falchion; an orc corpse You closely miss Sigmund.
Sigmund completely misses you.
You hit Sigmund.
Sigmund is lightly wounded.
Sigmund drinks a potion.
Sigmund's spells are empowered!
You closely miss Sigmund.
Sigmund is lightly wounded.
Sigmund casts a spell at you. The magic dart hits you!
Sigmund points at you and mumbles some strange words.
You are confused.
You bump into the rock wall.
Sigmund flickers, as though insubstantial.
Sigmund hits you with a +1 scythe of flaming!
* * * LOW HITPOINT WARNING * * *
Sigmund burns you.
You die...

#............#
###.#
####.#########
#.# ####.####
#.# #.......#
#.# #.......#
#.. #..#.##.#
### #..#.# .#
#..#.# # # #.
#@# #
#....@..# #
####.#### #.#
#.. #.# #..
#.#


You could see Sigmund (empowered).

Vanquished Creatures
  A bullfrog (D:3)
  Jessica (D:2)
  A gnoll (D:3)
  An adder (D:4)
  An adder skeleton (D:2)
  2 worms
  3 dart slugs
  4 orcs
  6 ball pythons (D:3)
  5 bats
  4 endoplasms
  5 giant cockroaches
  6 goblins (D:1)
  8 hobgoblins
  3 quokkas
  A frilled lizard (D:3)
  4 kobolds (D:1)
  6 rats
62 creatures vanquished.

Notes
Turn   | Place    | Note
-------+----------+-------------------------------------------
     0 | D:1      | styxcanada the Spriggan Brigand began the quest for the
                  | Orb.
     0 | D:1      | Reached XP level 1. HP: 10/10 MP: 2/2
    38 | D:1      | Reached skill level 6 in Stealth
   283 | D:1      | Reached XP level 2. HP: 3/14 MP: 3/3
  1287 | D:1      | Reached XP level 3. HP: 18/18 MP: 4/4
  1435 | D:1      | Found a faded altar of an unknown god.
  1582 | D:1      | Reached skill level 7 in Stealth
  1978 | D:2      | Found Fuell's Armour Boutique.
  2012 | D:2      | Noticed Jessica
  2033 | D:2      | Killed Jessica
  2034 | D:2      | Reached XP level 4. HP: 23/23 MP: 5/5
  2106 | D:2      | Identified the +7 hand axe "Xaises" {vorpal, rCorr Str+4}
  3143 | D:3      | Found a stormy altar of Qazlal.
  3145 | D:3      | Noticed a water elemental
  3145 | D:3      | Noticed an air elemental
  3146 | D:3      | Noticed a fire elemental
  3146 | D:3      | Noticed an earth elemental
  3336 | D:3      | Noticed a bullfrog
  3344 | D:3      | Killed a bullfrog
  3345 | D:3      | Reached skill level 8 in Stealth
  3345 | D:3      | Reached XP level 5. HP: 17/26 MP: 6/6
  3979 | D:4      | Noticed Sigmund
  3985 | D:4      | Slain by Sigmund

Illustrated notes

Levels and vault maps discovered:
D:1:      moated_graveyard_arrival, layout_loops_corners,
          ebering_ecumenical_altar_abandoned, minmay_splitting_lines,
          hangedman_decor_lopped
D:2:      layout_loops_corners, serial_shops, shop_statue,
          kennysheep_nondescript, uniq_jessica
D:3:      minmay_door_path, layout_basic, nicolae_qazlal_style_of_elements
D:4:      minmay_opposing_rooms, layout_loops_cross, uniq_edmund, uniq_sigmund

Skill      XL: |  1  2  3  4  5 |
---------------+----------------+-----
Stealth        | 6 7 8 |  8.6
Dodging        | 2 3 |  3.0
Fighting       | 2 |  2.1
Short Blades   | |  2.8
Axes           | |  0.3
Throwing       | |  2.3

Action                   |  1- 3 |  4- 6 || total
-------------------------+-------+-------++-------
Melee: Dagger            |   105 |    36 ||   141
       Hand axe          |       |    35 ||    35
       Punch             |       |     2 ||     2
Throw: Dart              |     8 |     7 ||    15
  Use: Scroll            |       |     6 ||     6
 Stab: Sleeping          |     8 |    11 ||    19
Armor: Robe              |     9 |     6 ||    15
Dodge: Dodged            |    79 |    51 ||   130
